Map: Backwater LE

Players

lucas

  • Race: Protoss Protoss
  • League: Silver
  • Spawn Location: 5:00

Infamous - Winner!

  • Race: Protoss Protoss
  • League: Silver
  • Spawn Location: 11:00

VOD

Have the link to the VOD?

Description

Time

  • Played on: April 4, 2018, 4:25 p.m.
  • Length: 16:33
Show
View Real Time Build Order
Export as new Build Order

lucas Protoss 

Build Orders: Cannon Rush 

Get SALT Encoding   

  12  0:17  Probe  
  12  0:20  Pylon  
  13  0:29  Probe  
  14  0:42  Forge  
  14  0:49  Pylon  
  14  1:20  Photon Cannon x2  
  14  1:28  Photon Cannon  
  14  1:34  Photon Cannon  
  14  1:55  Pylon  
  14  2:14  Photon Cannon  
  14  2:17  Photon Cannon  
  14  2:21  Photon Cannon  
  14  2:32  Photon Cannon  
  14  3:14  Photon Cannon  
  14  3:19  Probe  
  15  3:27  Pylon  
  15  3:46  Gateway  
  15  3:56  Probe  
  15  3:57  Assimilator  
  16  4:08  Probe  
  17  4:16  Nexus  
  17  4:20  Probe  
  18  4:26  Assimilator  
  18  4:32  Probe  
  19  4:42  Cybernetics Core  
  19  4:44  Probe  
  20  4:47  Photon Cannon  
  20  4:51  Photon Cannon  
  20  5:02  Pylon  
  20  5:29  Probe  
  21  5:38  Stargate  
  21  5:41  Probe  
  22  5:53  Probe  
  23  6:05  Probe  
  23  6:10  Assimilator  
  24  6:18  Probe  
  25  6:22  Void Ray  
  29  6:30  Probe  
  30  6:42  Probe  
  31  6:47  Pylon  
  31  6:53  Zealot  
  34  6:54  Probe  
  34  6:59  Stargate  
  34  7:04  Void Ray  
  34  7:06  Probe  
  39  7:18  Probe  
  39  7:20  Photon Cannon, Zealot  
  42  7:23  Photon Cannon  
  42  7:29  Photon Cannon  
  42  7:30  Probe  
  43  7:43  Probe  
  44  7:44  Void Ray  
  34  8:41  Pylon  
  34  8:52  Pylon  
  34  8:57  Void Ray  
  34  9:01  Void Ray  
  42  9:30  Probe  
  43  9:37  Probe  
  44  9:40  Void Ray  
  44  9:42  Probe  
  44  9:43  Void Ray  
  53  9:49  Probe  
  54  9:54  Probe  
  55  10:06  Probe  
  56  10:09  Sentry  
  58  10:18  Probe  
  59  10:35  Zealot  
  61  10:47  Pylon  
  60  11:00  Pylon  
  58  11:54  Void Ray  
  46  12:36  Void Ray  
  46  12:40  Zealot  
  38  12:48  Pylon  
  38  12:51  Pylon  
  38  12:58  Pylon  
  38  13:00  Pylon  
  38  13:04  Pylon  
  38  13:09  Void Ray  
  38  13:12  Stargate  
  42  13:19  Void Ray  
  46  13:27  Photon Cannon  
  46  13:33  Photon Cannon  
  46  13:42  Photon Cannon  
  47  14:02  Void Ray  
  38  14:13  Stargate  
  35  14:32  Forge  
  34  14:40  Pylon  
  34  14:45  Void Ray  
  38  14:59  Pylon  
  38  15:02  Probe  
  39  15:08  Photon Cannon  
  39  15:11  Photon Cannon  
  38  15:14  Photon Cannon  
  38  15:18  Void Ray  
Show
View Real Time Build Order
Export as new Build Order

Infamous Protoss - Winner!

Build Orders:  

Get SALT Encoding   

  12  0:01  Probe  
  14  0:14  Probe  
  14  0:18  Pylon  
  14  0:26  Probe  
  15  0:37  Gateway  
  15  0:39  Probe (Chrono Boost)  
  16  0:51  Probe (Chrono Boost)  
  16  0:53  Assimilator  
  17  1:01  Probe (Chrono Boost)  
  18  1:08  Gateway  
  18  1:12  Probe  
  19  1:24  Cybernetics Core  
  19  1:32  Zealot (Chrono Boost)  
  21  1:42  Pylon  
  21  1:49  Probe  
  21  1:52  Assimilator  
  21  1:59  Forge  
  20  2:05  Stalker  
  20  2:09  Probe  
  21  2:22  Pylon  
  21  2:27  Stalker (Chrono Boost)  
  23  2:39  Photon Cannon  
  23  2:47  Photon Cannon  
  23  3:03  Pylon  
  23  3:05  Stalker  
  23  3:07  Warp Gate  
  25  3:15  Pylon  
  23  3:27  Probe, Pylon  
  23  3:34  Pylon  
  24  3:54  Robotics Facility  
  24  4:00  Gateway  
  24  4:06  Pylon  
  24  4:09  Stalker (Chrono Boost)  
  24  4:12  Sentry (Chrono Boost)  
  28  4:20  Probe  
  29  4:28  Photon Cannon  
  29  4:40  Probe  
  30  4:51  Immortal (Chrono Boost)  
  30  4:52  Probe  
  35  5:04  Probe  
  35  5:06  Protoss Ground Weapons Level 1  
  36  5:16  Probe  
  36  5:19  Shield Battery  
  37  5:27  Warp Prism (Chrono Boost)  
  37  5:30  Sentry  
  39  5:54  Stalker x3  
  45  6:11  Immortal (Chrono Boost)  
  45  6:14  Probe  
  50  6:26  Probe  
  51  6:38  Probe  
  51  6:39  Pylon  
  52  6:50  Probe  
  57  6:54  Immortal  
  57  7:02  Nexus  
  57  7:08  Shield Battery  
  57  7:20  Probe  
  58  7:27  Gateway  
  58  7:29  Zealot x2  
  62  7:35  Probe  
  63  7:47  Probe  
  64  8:06  Probe  
  64  8:07  Zealot x3  
  71  8:18  Probe  
  72  8:34  Stalker x3  
  68  8:37  Probe (Chrono Boost)  
  70  8:42  Probe (Chrono Boost)  
  70  8:50  Probe (Chrono Boost)  
  71  8:58  Probe  
  72  9:05  Probe, Robotics Bay  
  73  9:14  Probe  
  73  9:16  Stalker  
  76  9:21  Probe  
  77  9:29  Assimilator  
  77  9:38  Stalker  
  79  9:40  Sentry x2  
  79  9:41  Sentry  
  85  9:49  Pylon  
  86  9:52  Probe (Chrono Boost)  
  86  10:07  Pylon  
  86  10:08  Probe (Chrono Boost), Observer (Chrono Boost)  
  86  10:10  Pylon  
  88  10:15  Stalker x2  
  92  10:26  Stalker  
  94  10:32  Photon Cannon  
  94  10:42  Stalker  
  96  10:43  Stalker  
  98  10:51  Stalker x2  
  102  11:02  Photon Cannon  
  102  11:06  Probe x2  
  92  12:01  Stalker x2  
  82  12:04  Nexus  
  82  12:07  Pylon x2  
  82  12:08  Pylon  
  78  12:09  Pylon  
  72  12:27  Stalker x2  
  72  12:51  Probe x2, Pylon  
  74  12:53  Pylon  
  74  12:56  Pylon  
  74  12:58  Assimilator  
  74  12:59  Pylon  
  74  13:01  Stalker x2  
  74  13:03  Probe  
  79  13:12  Gateway  
  79  13:14  Probe  
  79  13:15  Probe, Gateway  
  81  13:22  Pylon  
  81  13:25  Pylon  
  81  13:27  Probe  
  81  13:28  Probe  
  83  13:38  Forge  
  83  13:54  Stalker  
  83  13:55  Stalker x3  
  91  14:11  Forge  
  89  14:28  Probe x2  
  89  14:30  Stalker x2  
  89  14:31  Stalker x2  
  99  14:39  Gateway  
  99  14:40  Gateway  
  99  14:42  Gateway  
  99  14:44  Gateway  
  99  14:49  Gateway  
  99  15:06  Photon Cannon  
  99  15:08  Photon Cannon  
  99  15:09  Probe x2  
  99  15:10  Photon Cannon  
  99  15:13  Photon Cannon  
  101  15:15  Photon Cannon  
  101  15:33  Probe x2  
  103  15:39  Nexus  
  103  15:40  Pylon  
  103  15:47  Stalker x3  
  103  15:48  Stalker x4  
  103  15:49  Stalker  
  108  16:11  Stalker x3  
  113  16:29  Pylon, Stalker x2  
  117  16:31  Pylon  
Tags
 
Matchup
PvP
Replay Pack
Last Remnant (2)
Spawn Locations
Cross Positions
Add a new tag
Caveats
  • Supply blocks, unpowered buildings, or Contaminate may cause inaccurate times.
  • Supply counts are checked every 10 seconds.